 Dungeon Crawl Stone Soup version 0.23.1 (webtiles) character file.

Game seed: 12953295966054496749

18275 1994 the Frost Mage (level 12, -7/100 HPs)
             Began as a Green Draconian Ice Elementalist on Mar 16, 2019.
             Was a Priest of Vehumet.
             Incinerated by a smoke demon (9 damage)
             ... with a sticky flame
             ... in a Gauntlet.
             The game lasted 01:31:58 (19193 turns).

1994 the Frost Mage (DrIE)                         Turns: 19193, Time: 01:31:59

Health: -7/100     AC: 14    Str: 11    XL:     12   Next: 26%
Magic:  5/25       EV: 15    Int: 23    God:    Vehumet [***...]
Gold:   436        SH:  0    Dex: 13    Spells: 5/29 levels left

rFire    x . .     SeeInvis .   F - staff of cold
rCold    + + .     Gourm    .   (no shield)
rNeg     . . .     Faith    .   (armour unavailable)
rPois    +         Spirit   .   (helmet restricted)
rElec    .         Reflect  .   H - +0 cloak
rCorr    .         Harm     .   y - +1 pair of gloves
MR       .....     NoTele   +   n - +2 pair of boots
Stlth    +.........             (no amulet)
HPRegen  0.26/turn              J - +4 ring of intelligence
MPRegen  0.19/turn              N - ring of ice

@: liquid flames, glowing
A: breathe noxious fumes, unfitting armour, poison resistance, cold-blooded, AC
+8
a: Breathe Noxious Fumes, Renounce Religion


You were in a Gauntlet.
You worshipped Vehumet.
Vehumet was most pleased with you.
You were very hungry.

You visited 2 branches of the dungeon, and saw 13 of its levels.
You also visited: Sewer and Gauntlet.

You collected 786 gold pieces.
You spent 350 gold pieces at shops.

Inventory:

Hand Weapons
 h - a +0 short sword of electrocution
 G - a +5 quarterstaff of chaos
 I - a +2 dagger of protection
Missiles
 r - 18 tomahawks (quivered)
 Q - a throwing net
Armour
 n - a +2 pair of boots (worn)
 y - a +1 pair of gloves (worn)
 H - a +0 cloak (worn)
Magical Staves
 D - an uncursed staff of death
 F - an uncursed staff of cold (weapon)
 M - an uncursed staff of air
Jewellery
 u - an uncursed ring of stealth
 v - an uncursed ring of protection from fire
 J - a +4 ring of intelligence (left hand)
 N - a ring of ice (right hand)
 S - an uncursed ring of flight
Wands
 l - a wand of disintegration (33)
 m - a wand of scattershot (4)
 A - a wand of clouds (3)
 E - a wand of paralysis (11)
 K - a wand of flame (10)
Scrolls
 a - a scroll of fear {unknown}
 c - 10 scrolls of teleportation
 e - 5 scrolls of enchant armour
 g - 6 scrolls of remove curse
 q - 2 scrolls of enchant weapon
 s - a scroll of magic mapping
 x - a scroll of amnesia
 z - 2 scrolls of blinking
 O - a scroll of immolation
Potions
 d - a potion of haste
 f - 2 potions of agility
 i - a potion of invisibility
 j - a potion of brilliance
 k - 3 potions of ambrosia
 p - 3 potions of might
 t - a potion of cancellation
 w - 4 potions of curing
 B - a potion of lignification {unknown}
 C - a potion of magic {unknown}
 L - a potion of flight {unknown}
 P - 3 potions of heal wounds {unknown}
Comestibles
 b - 19 rations


   Skills:
 + Level 7.4 Fighting
 - Level 4.0 Staves
 + Level 6.5 Dodging
 - Level 1.7 Stealth
 * Level 9.1 Spellcasting
 * Level 9.6 Conjurations
 + Level 2.4 Charms
 + Level 3.2 Summonings
 * Level 10.1 Ice Magic
 + Level 1.2 Air Magic
 + Level 2.5 Evocations


You had 5 spell levels left.
You knew the following spells:

 Your Spells              Type           Power        Failure   Level  Hunger
a - Freeze                Ice            ####         1%          1    None
b - Throw Frost           Conj/Ice       ######       1%          2    None
c - Ozocubu's Armour      Chrm/Ice       ######..     1%          3    None
d - Throw Icicle          Conj/Ice       #######.     1%          4    ##.....
e - Summon Ice Beast      Ice/Summ       #######.     4%          4    ##.....
f - Blink                 Tloc           N/A          10%         2    None
g - Throw Flame           Conj/Fire      ####..       1%          2    None
h - Deflect Missiles      Chrm/Air       ###.......   99%         6    ######.

Your spell library contained the following spells:

 Spells                   Type           Power        Failure   Level  Hunger
 Iskenderun's Mystic Bla  Conj           ######..     1%          4    ##.....
 Magic Dart               Conj           ####         1%          1    None
 Ensorcelled Hibernation  Hex/Ice        ######       1%          2    None
 Conjure Flame            Conj/Fire      ####....     1%          3    None
 Dazzling Spray           Conj/Hex       ####..       1%          3    None
 Mephitic Cloud           Conj/Pois/Air  ####....     1%          3    None
 Call Imp                 Summ           ####....     2%          2    None
 Iskenderun's Battlesphe  Conj/Chrm      #####...     4%          5    ####...
 Beastly Appendage        Tmut           ##....       6%          1    None
 Corona                   Hex            ##.....      6%          1    None
 Venom Bolt               Conj/Pois      ####......   7%          5    ####...
 Ice Form                 Ice/Tmut       ######..     8%          4    ##.....
 Slow                     Hex            ##......     10%         2    None
 Sticks to Snakes         Tmut           ##......     10%         2    None
 Regeneration             Chrm/Necr      ###.......   11%         3    None
 Bolt of Magma            Conj/Fire/Erth ####......   13%         5    ####...
 Confuse                  Hex            ##......     19%         3    None
 Spider Form              Tmut/Pois      ##........   19%         3    None
 Tukima's Dance           Hex            ##......     19%         3    None
 Yara's Violent Unravell  Hex/Tmut       ##........   38%         5    ####...
 Cause Fear               Hex            ##........   52%         4    ##.....
 Silence                  Hex/Air        ##........   78%         5    ####...
 Blade Hands              Tmut           ##........   86%         5    ####...
 Orb of Destruction       Conj           ######....   26%         7    #######
 Iron Shot                Conj/Erth      ####......   32%         6    ######.
 Spellforged Servitor     Conj/Summ      #####.....   65%         7    #######
 Discord                  Hex            ##........   100%        8    #######


Dungeon Overview and Level Annotations

Branches:
Dungeon (9/15)             Temple (0/1) D:6            Lair (4/6) D:9
  Swamp: Lair:2-4    Shoals: Lair:2-4     Snake: Lair:2-4    Spider: Lair:2-4
    Orc: D:9-12

Altars:
Cheibriados
Hepliaklqana
Kikubaaqudgha
Makhleb
Ru
Trog
Vehumet
Xom
The Shining One

Shops:
D:5 }=**=

Annotations:
Gauntlet 11 transporters, 7 runed translucent doors


Innate Abilities, Weirdness & Mutations

You can breathe blasts of noxious fumes.
Your lurid green scales are hard. (AC +8)
You cannot fit into any form of body armour.
Your system is resistant to poisons. (rPois)
You are cold-blooded and may be slowed by cold attacks.


Message History

Aiming: Freeze (safe; 1% risk of failure)
Press: ? - help, Shift-Dir - straight line, f/p - crimson imp
Aim: a crimson imp (steam, moderately wounded, unusually strong)
You feel a strong surge of power!
The crimson imp is frozen!
You freeze the crimson imp!
The crimson imp is severely wounded.
You are covered in liquid flames!
* * * LOW HITPOINT WARNING * * *
The crimson imp closely misses you.
Casting: Freeze (safe; 1% risk of failure)
Confirm with . or Enter, or press ? or * to list all spells.
Aiming: Freeze (safe; 1% risk of failure)
Press: ? - help, Shift-Dir - straight line, f/p - crimson imp
Aim: a crimson imp (severely wounded, unusually strong)
You feel a strong surge of power!
You freeze the crimson imp.
The crimson imp is severely wounded.
You are engulfed in a cloud of scalding steam.
* * * LOW HITPOINT WARNING * * *
You are covered in liquid flames!
You die...

.#.#x+...+x#.#..#.##.#.≈##
.#.#####.#.#5p#.##.#.##
.....x#.#p5#5...#.≈## #
#################.≈≈# .
.#©....©....©#....≈## .
.#############.♣..## .
...#...©.).#...P..≈#
P#≈#≈#...#.#...#.#.♣PP..≈≈#
.≈≈≈≈≈.P.#.###..@#.P.PP.≈##
.#≈#≈#.♣.#.#.©.#5#.♣P...##
.≈≈≈≈≈.P.#..^###.#..P..≈#
.#≈#≈#P..#.#...#.#.♣..≈≈#
.........#.###...#...####
##################..≈#
...©.........©#....≈≈#
###############...####
...©[..#.........≈#


You could see 2 wizards, a small abomination, a crimson imp, 2 white imps and a
shadow imp.

Vanquished Creatures
  The ghost of Kicenn the Grappler, a journeyman DrTm of Yredelemnul (Lair:2)
  A death ooze (Gauntlet)
  A hydra (D:8)
  A two-headed ogre (D:8)
  Psyche (D:8)
  A smoke demon (Gauntlet)
  4 spiny frogs
  A polar bear (D:8)
  Grinder (D:3)
  A blink frog (Lair:2)
  2 hippogriffs
  16 yaks
  A basilisk (Lair:2)
  3 water moccasins
  5 porcupines
  A sky beast (D:8)
  4 ice beasts
  3 orc warriors
  2 black bears
  4 ogres
  A phantom (D:5)
  6 wolves (Lair:3)
  4 centaurs
  A big kobold (D:8)
  7 crocodiles
  9 bullfrogs
  A wyvern zombie (D:7)
  A wyvern skeleton (D:9)
  A water moccasin zombie (D:8)
  3 scorpions
  3 killer bees (D:7)
  An electric eel (D:8)
  5 howler monkeys
  2 jellies
  4 crimson imps
  2 bullfrog zombies
  A wyvern simulacrum (D:8)
  2 orc priests
  3 bullfrog skeletons
  2 hounds (D:5)
  2 gnoll shamans
  7 orc wizards
  Crazy Yiuf (D:7)
  3 centaur skeletons
  4 iguanas
  5 worker ants
  A centaur simulacrum (D:8)
  A hound skeleton (D:6)
  Robin (D:3)
  A howler monkey zombie (D:4)
  2 worker ant zombies
  15 gnolls
  12 adders
  3 shadow imps
  2 white imps
  A worker ant simulacrum (D:8)
  3 worms
  An adder simulacrum (D:8)
  2 leopard geckos
  23 orcs
  6 ball pythons
  7 giant cockroaches
  17 goblins
  10 hobgoblins
  6 jackals
  11 kobolds
  6 quokkas
  9 bats
  2 frilled lizards (D:1)
  A quokka skeleton (D:4)
  15 rats
293 creatures vanquished.

Vanquished Creatures (collateral kills)
  2 hydras
  7 death yaks
  2 spiny frogs
  A rime drake (Lair:2)
  A komodo dragon (Lair:2)
  3 blink frogs (Lair:2)
  3 hippogriffs
  4 yaks
  A wyvern (Lair:1)
  A basilisk (D:9)
  2 porcupines
  A crocodile (Lair:1)
  A killer bee (D:7)
  An orc wizard (D:9)
30 creatures vanquished.

Vanquished Creatures (others)
  A fungus (Lair:4)
1 creature vanquished.

Grand Total: 324 creatures vanquished

Notes
Turn   | Place    | Note
-------+----------+-------------------------------------------
     0 | D:1      | 1994 the Draconian Ice Elementalist began the quest for the
                  | Orb.
     0 | D:1      | Reached XP level 1. HP: 14/14 MP: 3/3
   176 | D:1      | Reached XP level 2. HP: 22/22 MP: 5/5
   207 | D:1      | Found a shimmering altar of Xom.
   229 | D:1      | Reached skill level 1 in Fighting
   245 | D:1      | HP: 1/23 [kobold (3)]
   306 | D:1      | Learned a level 2 spell: Throw Frost
   954 | D:1      | Reached XP level 3. HP: 28/28 MP: 3/6
  1319 | D:2      | Learned a level 3 spell: Ozocubu's Armour
  1440 | D:2      | Noticed a bullfrog
  1452 | D:2      | Killed a bullfrog
  1452 | D:2      | Reached XP level 4. HP: 26/36 MP: 0/8
  1611 | D:2      | Reached skill level 1 in Charms
  2027 | D:3      | Noticed Robin
  2033 | D:2      | Reached XP level 5. HP: 41/41 MP: 4/9
  2398 | D:3      | Killed Robin
  2424 | D:3      | Found a glowing drain.
  2437 | Sewer    | Entered a sewer
  2512 | Sewer    | Noticed a crocodile
  2574 | Sewer    | Killed a crocodile
  2574 | Sewer    | Reached skill level 4 in Ice Magic
  2574 | Sewer    | Reached XP level 6. HP: 48/48 MP: 1/10
  2645 | D:3      | Learned a level 4 spell: Throw Icicle
  2654 | D:3      | Noticed Grinder
  3402 | D:3      | Paralysed by Grinder for 5 turns
  3771 | D:4      | Found an ancient bone altar of Kikubaaqudgha.
  3772 | D:4      | Found a bloodstained altar of Trog.
  3833 | D:4      | Found a snail-covered altar of Cheibriados.
  4117 | D:4      | Your scales start taking on a lurid green colour.
  4117 | D:4      | Reached XP level 7. HP: 40/56 MP: 5/12
  4117 | D:4      | Gained mutation: Your system is resistant to poisons.
                  | (rPois) [Green Draconian growth]
  4846 | D:5      | Entered Level 5 of the Dungeon
  4851 | D:5      | Found Vuavom's Jewellery Boutique.
  4857 | D:5      | Found Geun Ci Voo's Assorted Antiques.
  4954 | D:5      | Reached skill level 5 in Ice Magic
  5016 | D:5      | Learned a level 4 spell: Summon Ice Beast
  5242 | D:5      | Found Worastregg's Assorted Antiques.
  5245 | D:5      | Found Xioli's Jewellery Shop.
  5342 | D:5      | Found a radiant altar of Vehumet.
  5364 | D:5      | Became a worshipper of Vehumet
  5413 | D:5      | Found a bloodstained altar of Trog.
  5535 | D:5      | Found Saicsix's Gadget Emporium.
  5661 | D:5      | Found a burning altar of Makhleb.
  5666 | D:5      | Reached XP level 8. HP: 63/63 MP: 11/14
  5918 | D:5      | Reached skill level 1 in Summonings
  6677 | D:3      | Killed Grinder
  7026 | D:6      | Reached skill level 5 in Spellcasting
  7124 | D:6      | Reached skill level 6 in Ice Magic
  7168 | D:6      | Learned a level 2 spell: Blink
  7254 | D:6      | Reached skill level 5 in Conjurations
  7268 | D:6      | Found a radiant altar of Vehumet.
  7475 | D:6      | Found a staircase to the Ecumenical Temple.
  7516 | D:7      | Found a glowing golden altar of the Shining One.
  7964 | D:7      | Reached XP level 9. HP: 57/71 MP: 8/17
  7971 | D:7      | Reached * piety under Vehumet
  7971 | D:7      | Offered knowledge of Sting by Vehumet.
  8076 | D:7      | Found a runed translucent door.
  8077 | D:7      | Noticed Crazy Yiuf
  8086 | D:7      | Killed Crazy Yiuf
  8771 | D:7      | Found a hazy altar of Hepliaklqana.
  9285 | D:8      | Reached skill level 7 in Ice Magic
  9828 | D:8      | Offered knowledge of Throw Flame by Vehumet.
  9838 | D:8      | Learned a level 2 spell: Throw Flame
  9891 | D:8      | Reached ** piety under Vehumet
  9891 | D:8      | Reached skill level 5 in Fighting
 10564 | D:8      | Noticed Psyche
 10575 | D:8      | Killed Psyche
 10575 | D:8      | Reached XP level 10. HP: 71/81 MP: 0/19
 10805 | D:8      | Found a bloodstained altar of Trog.
 10867 | D:8      | Noticed a two-headed ogre
 10880 | D:8      | Killed a two-headed ogre
 10880 | D:8      | Reached skill level 1 in Staves
 10880 | D:8      | Reached skill level 1 in Evocations
 11072 | D:8      | Reached skill level 5 in Dodging
 11577 | D:5      | Bought an uncursed ring of ice for 350 gold pieces
 11743 | D:9      | Noticed a death yak
 11763 | D:9      | Killed a death yak
 11763 | D:9      | Reached skill level 8 in Ice Magic
 11999 | D:9      | Noticed a death yak
 11999 | D:9      | Noticed a death yak
 12001 | D:9      | Found a staircase to the Lair.
 12001 | D:9      | Noticed a death yak
 12001 | D:9      | Noticed a death yak
 12001 | D:9      | Noticed a death yak
 12001 | D:9      | Noticed a death yak
 12458 | D:8      | Killed a death yak
 12663 | D:9      | Killed a death yak
 12857 | D:9      | Found a sacrificial altar of Ru.
 13063 | D:8      | Killed a death yak
 13400 | D:9      | Offered knowledge of Stone Arrow by Vehumet.
 13917 | D:9      | Reached XP level 11. HP: 77/89 MP: 17/22
 14066 | D:9      | Found a staircase to the Lair.
 14121 | D:9      | Killed a death yak
 14189 | D:9      | Killed a death yak
 14240 | D:9      | Killed a death yak
 14524 | Lair:1   | Entered Level 1 of the Lair of Beasts
 14524 | Lair:1   | Noticed a four-headed hydra
 14624 | D:8      | HP: 4/89 [four-headed hydra (13)]
 14631 | D:8      | Killed a four-headed hydra
 15152 | Lair:1   | Reached *** piety under Vehumet
 15152 | Lair:1   | Reached skill level 9 in Ice Magic
 15477 | Lair:1   | HP: 4/91 [poisoned by a spiny frog]
 15482 | Lair:1   | HP: 3/91 [poisoned by a spiny frog]
 15487 | Lair:1   | HP: 2/91 [poisoned by a spiny frog]
 15494 | Lair:1   | HP: 2/91 [poisoned by a spiny frog]
 15502 | Lair:1   | HP: 2/91 [poisoned by a spiny frog]
 16275 | Lair:2   | Noticed a four-headed hydra
 16283 | Lair:2   | Killed a four-headed hydra
 16504 | Lair:2   | Offered knowledge of Iskenderun's Mystic Blast by Vehumet.
 17233 | Lair:2   | Found a runed translucent gate.
 17234 | Lair:2   | Found a runed translucent gate.
 17239 | Lair:2   | Found a runed translucent gate.
 17240 | Lair:2   | Noticed Kicenn's ghost (journeyman DrTm)
 17293 | Lair:2   | Killed Kicenn's ghost
 17834 | Lair:3   | Learned a level 6 spell: Deflect Missiles
 17863 | Lair:3   | Reached XP level 12. HP: 79/100 MP: 13/24
 18118 | Lair:3   | Noticed a six-headed hydra
 18129 | Lair:3   | Killed a six-headed hydra
 18174 | Lair:3   | Reached skill level 10 in Ice Magic
 18764 | Lair:4   | Reached skill level 1 in Air Magic
 18813 | Lair:4   | Found a gate leading to a gauntlet.
 18842 | Gauntlet | Entered a Gauntlet
 18842 | Gauntlet | Found a transporter.
 18849 | Gauntlet | Noticed a death ooze
 18851 | Gauntlet | Found a transporter.
 18852 | Gauntlet | Found a transporter.
 18875 | Gauntlet | Found a transporter.
 18879 | Gauntlet | Found a runed translucent door.
 18887 | Gauntlet | Found a runed translucent door.
 18890 | Gauntlet | Found a transporter.
 18892 | Gauntlet | Found a transporter.
 18897 | Gauntlet | Noticed a death scarab
 18902 | Gauntlet | Found a transporter.
 18916 | Gauntlet | Noticed a death scarab
 18918 | Gauntlet | Found a transporter.
 18924 | Gauntlet | Found a transporter.
 18943 | Gauntlet | Found a runed translucent door.
 18950 | Gauntlet | Found a transporter.
 18960 | Gauntlet | Found a runed translucent door.
 18962 | Gauntlet | Found a runed translucent gate.
 18963 | Gauntlet | Found a transporter.
 18963 | Gauntlet | Found a runed translucent gate.
 18964 | Gauntlet | Found a runed translucent gate.
 18967 | Gauntlet | Found a transporter.
 18967 | Gauntlet | Found a transporter.
 18969 | Gauntlet | Found a transporter.
 19033 | Gauntlet | Identified the Catalogue of Conjuration and Talismans
 19068 | Gauntlet | Killed a death ooze
 19193 | Gauntlet | HP: 2/100 [something (12)]
 19193 | Gauntlet | Incinerated by a smoke demon

Skill      XL: |  1  2  3  4  5  6  7  8  9 10 11 12 |
---------------+-------------------------------------+-----
Dodging        | 2 3 4 5 6 |  6.5
Fighting       | 1 2 3 4 5 6 7 |  7.4
Charms         | 1 2 |  2.4
Conjurations   | 2 3 4 5 6 7 9 |  9.6
Spellcasting   | 3 4 5 6 7 8 9 |  9.1
Ice Magic      | 4 5 6 7 8 9 10 | 10.1
Summonings     | 2 3 |  3.2
Staves         | 2 4 |  4.0
Evocations     | 2 |  2.5
Air Magic      | 1 |  1.2
Stealth        | |  1.7

Action                   |  1- 3 |  4- 6 |  7- 9 | 10-12 || total
-------------------------+-------+-------+-------+-------++-------
Melee: Dagger            |    58 |   203 |   119 |       ||   380
       Tailslap          |     3 |    18 |    27 |    44 ||    92
       Short sword       |       |       |   167 |     5 ||   172
       Staff             |       |       |    23 |   210 ||   233
       Quarterstaff      |       |       |       |    55 ||    55
 Cast: Freeze            |    37 |    37 |   143 |   121 ||   338
       Throw Frost       |     2 |     7 |    19 |    20 ||    48
       Ozocubu's Armour  |       |     9 |    30 |    45 ||    84
       Throw Icicle      |       |       |    15 |    29 ||    44
       Throw Flame       |       |       |     1 |     5 ||     6
       Summon Ice Beast  |       |       |       |    61 ||    61
       Blink             |       |       |       |     5 ||     5
 Abil: Breathe Noxious F |       |       |     3 |     3 ||     6
  Use: Potion            |       |     1 |       |       ||     1
       Scroll            |       |       |    12 |     8 ||    20
 Stab: Sleeping          |     5 |     3 |     5 |       ||    13
       Paralysed         |       |       |       |     2 ||     2
  Eat: Chunk             |     2 |    10 |    21 |    20 ||    53
       Ration            |       |       |     1 |     4 ||     5
Armor: Skin              |     9 |    86 |   237 |   209 ||   541
Dodge: Dodged            |    52 |   152 |   338 |   327 ||   869
